[Event "Sinquefield Cup 2022"]
[Site "Chess.com"]
[Date "2022.09.11"]
[Round "9"]
[White "Nepomniachtchi, Ian"]
[Black "Niemann, Hans Moke"]
[Result "1/2-1/2"]
[WhiteElo "2792"]
[BlackElo "2688"]
[ECO "A21"]
[EventDate "2022.??.??"]
[Annotator "Rafael Leitão"]
[PlyCount "108"]
[Beauty "5361058714118"]
[EventType "swiss"]
[EventRounds "9"]
[TimeControl "5400+30"]

1.c4 {The English Opening is very popular right now at top level.} 1...e5 2.Nc3 Bb4 {Hans played this same position yesterday, with the white pieces, against Caruana.} 3.Nd5 Be7 {Caruana played the slightly less popular 3...a5.} 4.d4 exd4 ( 4...d6 {is considered the main move, but probably without good reason.} 5.e4 Nf6 6.Nxe7 Qxe7 7.f3 {and White has chances to achieve a better position due to the bishop pair.} ) 5.Qxd4 Nf6 6.Nxe7 Qxe7 7.Bg5 Nc6 8.Qc3 d6 9.Nf3 Be6 {All this is still theory.} 10.g3 {A new move. White played 10. e3 in a high profile recent game.} ( 10.e3 Rg8 $5 11.Bxf6 Qxf6 12.Qxf6 gxf6 13.g3 {and White won this endgame in Donchenko - Ter Sahakyan, Jermuk 2022.} ) 10...h6 {A logical move, forcing White to take on f6 and simplifying the position.} 11.Bxf6 Qxf6 12.Qxf6 gxf6 13.Nd2 $6 {This move is wrong. Maybe Nepomniachtchi confused his opening prepartion, since Black can achieve comfortable equality now.} ( 13.b3 {is the best move. After} 13...d5 14.cxd5 Bxd5 15.Bg2 O-O-O 16.O-O-O {it remains to be seen whether white's better pawn structure is enough for any serious winning attempt, but he certainly can try.} ) 13...d5 $6 ( 13...Nb4 $1 {forces White to move the king and this gives Black a good game after} 14.Kd1 d5 $1 15.a3 Nc6 16.cxd5 Bxd5 17.e4 Be6 18.Bb5 Bd7 ) 14.Bg2 ( 14.cxd5 {is a good option and was suggested by Firouzja in the interview after his game.} 14...Bxd5 15.e4 Be6 16.Bb5 O-O-O ( 16...Bd7 {is also playable.} ) 17.Bxc6 bxc6 18.Ke2 {with an unbalanced endgame where Black's activity should be enough to compensate the damaged pawn structure.} ) 14...dxc4 ( 14...O-O-O {This move seems more logical, since Black is not really afraid of a capture on d5 and he can decide later whether to take on c4 or not.} 15.O-O-O {Now Black can decide if he captures on c4 or if he plays a move 15...Rhe8 or 15...f5. The position remains equal.} ( 15.cxd5 Bxd5 16.Bxd5 Rxd5 {This is an easy equality because black's pieces are very active.} ) ) 15.Bxc6+ bxc6 16.O-O-O ( 16.Rc1 {leads to simplification and a possible draw after} 16...Rb8 17.Nxc4 Bxc4 18.Rxc4 Rxb2 19.O-O Rxa2 20.Rxc6 Rxe2 ) 16...c3 {This is not necessary, but it it's not easy to evaluate that Black is ok with such a bad structure. It was crucial to see that White cannot force the exchange of all the rooks on the d-file.} ( 16...O-O-O 17.Nb1 ( 17.Ne4 {The computer suggest this, but I think no human player would ever allow 17... Bd5.} 17...Bd5 18.f3 Bxe4 19.fxe4 ) 17...Rd6 $1 {This is a very important move. If White exchanges rooks, than the position can become very unpleasant for Black because it will be difficult to defend the weaknesses.} 18.Nc3 f5 {and it seems that White can't make progress here - at least that's what my computer thinks.} ) 17.bxc3 Ke7 ( 17...Bxa2 $2 {Of course this is not possible since the bishop is trapped after} 18.c4 ) 18.Kc2 Rhb8 19.Rb1 Rb6 $1 {This is the point of the move 16...c3. Since White can't exchange rooks, Black is able to activate the rook and attack the a-pawn. This is enough for equal chances.} 20.c4 Ra6 ( 20...Bf5+ 21.e4 Be6 {This bishop dance is interesting, because White doesn't really want to place the pawn on e4. Now it's possible to play f6-f5 at some point, activating the bishop and improving the pawn structure.} ) 21.Rb2 Rg8 $5 {Attempting an interesting rook maneuver that is similar to the one employed in the famous rook ending of the game Capablanca x Alekhine, New York 1924 (in that game the maneuver was Rh8-h5). By the way, I have a short story to tell about this reference game. The endgame played by those giants of chess history is so complex, that once the famous coach Mark Dvoretsky gave it as an analytical task to a young Garry Kasparov, during one of the camps of the Botvinnik School. Dvoretsky told me that, upon studying the analysis written in the young player's notebook, he was sure that Kasparov would be World Champion one day.} ( 21...Ra4 22.Kc3 c5 {and Black is ok. It's not easy for White to improve the knight's position.} ) 22.h4 $5 {White avoids the Rg5-a5 maneuver. Incidentally, a similar approach should have been taken by Capablanca in the aforementioned game. I'm sure Nepomniachtchi knows everything about it.} ( 22.Ra1 Rg5 $1 {leads to a draw after} 23.a4 Rga5 24.Rba2 c5 $1 25.Kc3 ( 25.Nb3 Bxc4 ) 25...Bd7 26.Nb3 Rxa4 27.Rxa4 Rxa4 28.Rxa4 Bxa4 29.Nxc5 Bc6 ) 22...Ra4 23.Kc3 Rg4 $5 {Niemann's rook is persistent $1} ( 23...c5 ) 24.Kb3 Ra5 $6 {After this move White gets a large advantage.} ( 24...Ra6 $1 {is necessary. If White now conitnues} 25.a4 {then} 25...c5 $1 {and White is not in time to stabilize the position, since after} 26.Ra1 Rb6+ 27.Kc3 Rxb2 28.Kxb2 Bxc4 29.f3 Rd4 {the d4-rook is protected and 30.Kc3 is not a double attack.} ) 25.Rc2 $6 ( 25.a4 $1 {This is very strong. The a4 idea will be a common recurrence in this endgame. If now} 25...Ra6 26.Ra1 Rb6+ 27.Kc3 Rxb2 28.Kxb2 Bxc4 $2 29.f3 Rd4 30.Kc3 {and White wins a piece.} ) 25...Rb5+ 26.Kc3 Rc5 $6 {The rook is not well placed here.} ( 26...Ra5 {is necessary.} ) 27.Kb2 $6 ( 27.a4 $1 {Once again this move $1 White wants to improve the position with Ra1 and to limit black's rook activity. If he manages that, the better pawn strucutre is going to te felt and Black will have a hard time defending the endgame.} 27...Bxc4 28.Kb2 $1 {This is the tactical justification.} 28...Bd5 29.Rxc5 Bxh1 30.Ra5 {and Black has a painful defence ahead.} ) 27...Re5 ( 27...Ra5 $1 28.Ra1 Rf5 29.Rf1 Ra5 {And Black holds.} ) 28.e3 Rf5 29.Rf1 Rg8 $6 ( 29...Ra5 $1 {The common pattern is that Black should leave the rook on the a-file before White can shut it down with a4 and Ra1. An interesting variation is} 30.Ra1 Ra4 31.Kb3 Ra6 32.a4 c5 33.Kc3 Bf5 $1 34.Rb2 Rd6 $1 {and Black saves the game.} ) 30.Kc3 {Both 30.a4 and 30.Nb3 are also very good.} ( 30.a4 ) ( 30.Nb3 ) 30...Ra5 31.Rb1 $1 {Now White can play 32.Rb3 in case Black checks on a3.} 31...Rg4 $6 {This makes things worse because white's rook can attack from the rear with a possible Rb8.} ( 31...c5 ) 32.Rb4 c5 33.Rb7 Kd7 34.Rb8 $1 Ra3+ $6 35.Kb2 Ra6 36.Rh8 {Now the h6-pawn falls and White is winning.} 36...Ra4 37.a3 {A refined move, but the pawn could be taken immediately.} ( 37.Rxh6 {Black cannot take on c4 and the check on b4 is not dangerous.} 37...Rb4+ ( 37...f5 38.Rh8 Bxc4 ( 38...Rb4+ 39.Kc3 $18 ) 39.f3 $1 Rxa2+ 40.Kb1 Rxc2 41.Kxc2 {and White wins material.} ) 38.Kc3 {The c4-pawn is taboo because the bishop is lost after} 38...Bxc4 39.f3 ) 37...f5 38.Rc3 {White misses another chance of taking the pawn.} ( 38.Rxh6 Rg8 39.Rc3 {with a winning position.} ) 38...Ke7 39.Rb8 $2 {This gives up the idea of taking on h6 altogether and this deserves a question mark. I suspect Nepomniachtchi was uncomfortable leaving the rook on h6 more or less trapped after} ( 39.Rxh6 Rg8 {but the rook will soon start to play again after} 40.e4 {White is winning easily (for Nepomniachtchi standards, at least).} ) 39...Ra6 40.Kc2 Rb6 {Now things are not clear anymore.} 41.Ra8 Ra6 42.Kb2 Rb6+ 43.Kc1 ( 43.Rb3 {leads to a rook endgame that is probably not enough for a White win after} 43...Bxc4 44.Nxc4 Rxc4 45.Rxa7 Rc6 ) 43...Ra6 44.Kc2 Bd7 $1 {An excellent move, activating the bishop now that 46.Nb3 is not so dangerous.} 45.Kb2 ( 45.Nb3 {After this move Black can choose between taking the a3-pawn or playing 45...Ba4.} 45...Ba4 ( 45...Rxa3 ) ) 45...Be6 $6 ( 45...Rgg6 $1 {It's more accurate to activate the rook now. As my former coach liked to say, the rooks should always be enamored.} ) 46.Rh8 Rd6 ( 46...Bd7 $1 ) 47.Kc1 Bd7 48.Nb3 $2 {This leads to a forced draw. White still has the advantage here.} ( 48.a4 $5 {Is one of the computer's suggestions, but if Nepomniachtchi didn't play it before, I guess it's too late to play it now.} ) ( 48.Ra8 Ra6 49.Rb3 $1 {And White is still pressing.} ) 48...Ba4 $1 49.Nxc5 Rd1+ {White can't escape perpetual check now.} 50.Kb2 Rd2+ 51.Kb1 Rd1+ 52.Kb2 Rd2+ 53.Kb1 Rd1+ 54.Kb2 Rd2+ 1/2-1/2

[Event "Chess.com Global Championship Knockout"]
[Site "Chess.com"]
[Date "2022.10.02"]
[Round "3"]
[White "So, Wesley"]
[Black "Xiong, Jeffery"]
[Result "1-0"]
[WhiteElo "2771"]
[BlackElo "2690"]
[ECO "B13"]
[EventDate "2022.??.??"]
[Annotator "rafael"]
[PlyCount "69"]
[Beauty "8041789404168"]
[EventType "team-tourn"]
[TimeControl "900+2"]

{So and Xiong are two great chess players and the match between them was very close with two wins each during normal time. So's victory in the first game was his best in the match.} 
1.e4 c6 2.d4 d5 3.exd5 {When Bobby Fischer played this variation, no one paid much attention to it, but it looks like he was many years ahead of his time. Check the wonderful game Fischer vs. Petrosian, Belgrade 1970.} 3...cxd5 4.Bd3 Nf6 5.c3 Bg4 6.Qb3 Qc7 {A natural move, although the queen will have some problems on that square, as we will see later.} 7.h3 Bh5 {A pawn sacrifice.} ( 7...Bd7 {has been played by some very strong chess players.} ) 8.Ne2 {So decides to play solid.} ( 8.g4 {is a critical move. Computers like White's position, but Black's results in practice are excellent.} 8...Bg6 9.Bxg6 hxg6 10.g5 Nfd7 11.Qxd5 Nc6 12.Ne2 e5 13.Be3 {with a complicated game. Black has decent compensation for the pawn.} ) 8...Bxe2 {A natural move, after all the h5-bishop may have some problems with the g4-advance or an attack with the knight. White's surprising next move, however, guarantees an advantage. The alternatives 8...Nc6 and 8...e6 are better.} ( 8...Nc6 ) ( 8...e6 ) 9.Bf4 $1 {A new move. Is it possible that So had this move prepared $2 This is a nice intermediate move that develops the bishop exploiting a tactical idea.} ( 9.Bxe2 e6 {With a normal position.} ) 9...Qd7 ( 9...Qxf4 $2 10.Qxb7 Bxd3 $2 11.Qc8# ) 10.Bxe2 Nc6 11.Nd2 {The opening was a success for White. So has the bishop pair and better development. The knight now heads towards the e5-square, causing problems for the queen on d7.} 11...e6 12.Nf3 {The position is difficult and Xiong decides to sacrifice a pawn. Objectively, however, there is not enough compensation.} 12...Bd6 $2 ( 12...Be7 13.Ne5 {is unpleasant.} ) ( 12...a6 {This is a better move, minimizing the effects of Ne5, but White has an advantage after} 13.Ne5 Nxe5 14.dxe5 Ne4 15.c4 $1 ) 13.Bxd6 Qxd6 14.Qxb7 Rb8 15.Qa6 O-O ( 15...Rxb2 $2 {This move loses material due to} 16.Bb5 ) 16.Rb1 Ne4 17.O-O f5 18.Qa4 ( 18.Qd3 {It seems best to bring the queen closer to the king with this move.} ) 18...Ne7 ( 18...g5 $1 {is possible, trying a desperate attack.} ) 19.Ne5 $6 ( 19.c4 $1 {is correct, starting the advance of the pawns on the queenside.} 19...Ng6 20.c5 ) 19...Rb7 $6 ( 19...Nd2 $2 20.Nd7 ) ( 19...Ng6 $1 {is the best move.} 20.Nxg6 ( 20.Nd7 $2 Nf4 ) 20...hxg6 21.Qc2 Qf4 $1 22.Rbd1 g5 {followed by g4, with some compensation.} ) 20.Qc2 Ng6 21.Nxg6 hxg6 22.Bd3 $1 {Now White is ready to capture the knight that is so disturbing. The position is winning, since Black is a pawn down and has a damaged pawn structure.} 22...g5 23.Rbe1 Rfb8 24.b3 Rc7 25.Bxe4 dxe4 ( 25...fxe4 26.f3 {with a winning position.} ) 26.Qd2 Qf4 27.Re3 Rbc8 28.Rd1 Kh7 29.Qe1 g4 30.hxg4 Qxg4 31.Rh3+ Kg8 32.f3 $1 Qg6 33.fxe4 fxe4 34.c4 Qg4 35.Rh4 {The e4-pawn falls.} 1-0

[Event "Chess.com Global Championship Knockout"]
[Site "Chess.com"]
[Date "2022.10.03"]
[Round "3"]
[White "Nakamura, Hikaru"]
[Black "Dominguez Perez, Leinier"]
[Result "1-0"]
[WhiteElo "2768"]
[BlackElo "2745"]
[ECO "D26"]
[EventDate "2022.??.??"]
[Annotator "rafael"]
[PlyCount "87"]
[Beauty "7422777242632"]
[EventType "team-tourn"]
[TimeControl "900+2"]

{The Nakamura-Dominguez match promised high-level games. The first one was the best: an opening with new ideas and a very complex knights endgame.} 
1.d4 d5 2.c4 dxc4 3.Nf3 Nf6 4.e3 e6 5.Bxc4 c5 6.O-O Nc6 ( 6...a6 {is the old main move.} ) 7.Nc3 a6 8.d5 $1 {A critical move and only the sixth most played. The game now enters tactical territory that, judging by the quality and speed of play, was known to both parties.} 8...Nxd5 $1 {An accurate move.} ( 8...Na5 9.b3 b5 10.Bd3 {This position has been discussed in some recent games, and White has shown compensation for the pawn that will be sacrificed, for example:} 10...exd5 ( 10...Nxd5 11.Nxd5 exd5 12.Bb2 {with the initiative, since it's hard for Black to complete their development. Bluebaum-Borisek, Chennai 2022.} ) ( 10...b4 11.Ne4 exd5 12.Nxf6+ Qxf6 13.Rb1 {followed by Bb2, with a complicated position. Esipenko-Van Foreest, Prague 2020.} ) 11.e4 d4 12.e5 $1 {gave White a strong initiative in Gelfand-Inarkiev, St Petersburg (blitz) 2018.} ) ( 8...exd5 9.Nxd5 Be7 10.e4 {is better for White. Bluebaum-Demchenko, Reykjavik 2021.} ) 9.Nxd5 b5 $1 {This is Black's idea.} 10.Bb3 $1 {Both sides were playing very quickly.} ( 10.e4 bxc4 11.Re1 Bb7 $2 ( 11...f6 $1 {followed by Kf7 is necessary.} ) 12.Bf4 Rc8 13.Qa4 {with a big advantage for White. Aditya-Vardan, Budapest 2022.} ) 10...c4 11.Bxc4 bxc4 12.e4 $1 Bb7 ( 12...exd5 $2 {Accepting the knight is suicide.} 13.exd5 Ne7 14.Re1 Qd6 15.Ng5 {with a decisive attack.} ) 13.Re1 Bb4 $1 {Very precise and, again, played quickly.} 14.Bg5 $1 f6 15.Bd2 Bxd2 16.Qxd2 Rc8 {It turns out that only this move is a novelty.} ( 16...O-O 17.Nf4 e5 18.Nd5 Ne7 19.Nxe7+ Qxe7 20.Rac1 Rac8 {and the players agreed to a draw in Zvjaginsev-Dreev, Biel 1995.} ) 17.Ne3 Qxd2 18.Nxd2 Ne5 19.Rec1 Ke7 20.f3 c3 $1 21.Rxc3 Rxc3 22.bxc3 {Finally, we can pause to assess the position. White has an extra pawn, but the chances of a draw are considerable.} 22...Rd8 23.Nb3 ( 23.Ndc4 {is an alternative, but Black should get the draw after} 23...Nxc4 24.Nxc4 Rc8 25.Na5 Ba8 26.Rc1 f5 $1 27.exf5 exf5 {The knight is not well placed, and Black's king is closer to the center.} ) 23...Rd3 24.Nd1 Bc6 25.Kf1 g5 $1 {A very good move, securing the knight on e5 and expanding on the kingside.} 26.Rc1 Ba4 27.Ke1 g4 ( 27...Rd6 {is even better. After} 28.Nc5 Bxd1 29.Rxd1 Rc6 30.Na4 h5 {Black has a lot of activity in exchange for the pawn.} ) 28.f4 Nc4 29.Ke2 Rd8 30.Ne3 Bxb3 $6 ( 30...Nd6 $1 {is more accurate.} 31.e5 fxe5 32.fxe5 Nf7 33.Nxg4 h5 34.Ne3 Nxe5 {with a likely draw.} ) 31.axb3 Nd2 ( 31...Rd2+ $2 {Of course this move loses material to} 32.Ke1 ) 32.Nxg4 Nxb3 33.Rd1 Rxd1 34.Kxd1 {This endgame is very tricky to play. Dominguez was down to seconds, so it's impossible to play it well.} 34...Nc5 $2 ( 34...h5 $1 {is the right way, avoiding White's idea.} 35.Nf2 Nc5 {and the draw is within reach.} ) 35.e5 $1 {Now Nakamura is winning.} 35...fxe5 36.Nxe5 h5 ( 36...Kf6 37.g4 $1 ) 37.Ke2 $2 {Surprisingly, this move throws away the win. The right path for the king is d2-c3, so 37.Kd2 or 37.c3 are better.} ( 37.Kd2 Kf6 38.c4 ) ( 37.c4 ) 37...Kf6 38.Nd3 ( 38.Ke3 a5 39.Kd4 a4 $1 40.c4 a3 41.Kc3 Kf5 42.g3 h4 {with a draw.} ) ( 38.c4 a5 39.Kd2 Kf5 {Now Black's counterplay is in time.} ) 38...Ne4 ( 38...Nb3 {is also a draw.} ) 39.c4 a5 40.Ke3 Nd6 41.c5 Nf5+ 42.Kd2 Nh4 $2 {The final blunder.} ( 42...Ne7 $1 {is still enough for a draw.} ) 43.Ne5 $1 Nxg2 ( 43...Ke7 44.g3 Nf5 45.Nc6+ {and Black loses another pawn.} ) ( 43...Nf5 44.Kc3 {followed by Kc4-b5.} ) 44.c6 {The pawn is unstoppable.} 1-0

[Event "Chess.com Global Championship Knockout"]
[Site "Chess.com"]
[Date "2022.10.05"]
[Round "3"]
[White "Sarana, Alexey"]
[Black "Duda, Jan Krzysztof"]
[Result "1/2-1/2"]
[WhiteElo "2662"]
[BlackElo "2731"]
[ECO "D52"]
[EventDate "2022.??.??"]
[Annotator "rafael"]
[PlyCount "82"]
[Beauty "6052724659290"]
[EventType "team-tourn"]
[TimeControl "900+2"]

{Readers will surely understand why the GOTD is a draw. This was a dramatic battle, with interesting moments right from the opening and a huge missed opportunity for Sarana.} 
1.d4 d5 2.c4 e6 3.Nc3 c6 4.Nf3 Nf6 5.Bg5 Nbd7 6.e3 Qa5 7.Nd2 dxc4 8.Bxf6 Nxf6 9.Nxc4 Qc7 10.g3 {The first important moment. This isn't the most popular move, but Sarana has an ace up his sleeve.} ( 10.Be2 ) ( 10.Rc1 ) ( 10.Bd3 ) 10...c5 $6 ( 10...Be7 {is too passive. White is slightly better after} 11.Bg2 ) ( 10...b5 $5 ) ( 10...Bd6 $1 {is the machine's recommendation, with the idea of playing e5 and releasing the pieces.} 11.Bg2 e5 {with an acceptable position.} ) 11.Nb5 $1 ( 11.Bg2 {Grischuk played this move in a blitz game against Duda but didn't get the upper hand.} 11...cxd4 12.Qxd4 Bd7 {Grischuk-Duda, Chess.com INT 2020.} ) 11...Qc6 $6 ( 11...Qd8 {This move is better, although White has a more comfortable position after} 12.Bg2 a6 13.Nc3 cxd4 14.exd4 ) 12.Ne5 $1 {This is the idea. White is not worried about the h1-rook.} 12...Qxh1 $6 ( 12...Qb6 {This is a difficult move to play, but it gives better saving chances.} 13.Qa4 {Engqvist - Thorell, Sweden 1996.} ) 13.Nc7+ Ke7 14.Nxa8 {The king on e7 is very insecure and White has a winning position.} 14...g6 {This move makes things worse, but it's hard to suggest anything. Interestingly, this is the first new move of the game.} ( 14...Nd5 15.Qc2 $18 {Taschian - Pratt, Toronto 1983.} ) ( 14...Nd7 15.Qa4 ) 15.Qa4 $1 {The queen comes into play attacking the a7-pawn.} 15...Bh6 16.Qxa7 Ne4 17.Nb6 Nxf2 $5 {A desperate attempt to complicate the game.} 18.Kxf2 Qxh2+ 19.Bg2 Bxe3+ 20.Kf3 Qh5+ 21.g4 Qh2 22.Nxc8+ Kf6 ( 22...Rxc8 23.Qxb7+ {followed by mate.} ) 23.Rf1 $2 {Chess is a cruel game: it's possible to lose everything with just one move.} ( 23.Kxe3 {is the simplest way to win.} 23...Rxc8 ( 23...cxd4+ 24.Qxd4 ) ( 23...Qxg2 24.Qxc5 ) 24.Rf1+ {With two pieces up and a winning attack.} ) 23...Bf4 $1 {Surprisingly now Black is no longer worse $1} 24.Qa3 $5 {Resourceful play.} ( 24.Kf2 {leads to a draw after} 24...Qg3+ 25.Kg1 Qh2+ ) 24...Rxc8 ( 24...Qg3+ $2 25.Ke4 Qxg2+ 26.Qf3 {and White wins.} ) 25.Rf2 $1 {Sarana shows great composure to continue the fight after his blunder.} 25...cxd4 26.Ke4 Kg7 $2 {It's Duda's turn to make a mistake.} ( 26...g5 $1 {is the correct move, with an unclear position. My machine, as usual, evaluates it as 0.00.} ) 27.Qe7 $1 {Duda certainly missed this move.} 27...Bxe5 28.Rxf7+ Kg8 29.Qxe6 $2 {Sarana had one last problem to solve to win the game. Just one move would lead to the desired result.} ( 29.Rf2 $1 {This move defends the bishop and Black is helpless against the threat of capturing the e6-pawn.} ) 29...Qxg2+ 30.Rf3+ Kg7 31.Qxe5+ Kh6 {Now White has nothing more than a perpetual check.} 32.Qf4+ Kg7 33.Qf6+ Kh6 34.Qh4+ Kg7 35.Qe7+ Kh6 36.g5+ Kh5 37.Qxh7+ Kxg5 38.Qe7+ Kh5 39.Qh7+ Kg5 40.Qe7+ Kh5 41.Qh7+ Kg5 1/2-1/2